 Dungeon Crawl Stone Soup version 0.28-a0-938-gbc3f381ebc (webtiles) character file.

Game seed: 8550899067599615296

1 ytrimaz the Grave Robber (level 1, 1/13 HPs)
             Began as a Demonspawn Necromancer on Nov 28, 2021.
             Got out of the dungeon alive.
             The game lasted 00:00:20 (38 turns).

ytrimaz the Grave Robber (Demonspawn Necromancer)     Turns: 38, Time: 00:00:20

Health: 1/13       AC:  2    Str:  8    XL:     1   Next: 16%
Magic:  2/3        EV: 12    Int: 16    God:
Gold:   0          SH:  0    Dex: 13    Spells: 3/4 levels left

rFire   . . .      SeeInvis .   (no weapon)
rCold   . . .      Faith    .   (no shield)
rNeg    . . .      Spirit   .   a - +0 robe
rPois   .          Reflect  .   (no helmet)
rElec   .          Harm     .   (no cloak)
rCorr   .          Rampage  .   (no gloves)
Will    .....                   (no boots)
Stlth   ++........              (no amulet)
HPRegen 0.04/turn               (no ring)
MPRegen 0.08/turn               (no ring)

@: weak-willed
A: no striking features
a: no special abilities


You escaped.
You visited 1 branch of the dungeon, and saw 1 of its levels.

Inventory:

Armour
 a - a +0 robe (worn)


   Skills:
 + Level 1.7 Dodging
 - Level 1.7 Stealth
 + Level 2.0 Spellcasting
 + Level 4.4 Necromancy


You had 3 spell levels left.
You knew the following spells:

 Your Spells              Type           Power      Damage    Failure   Level
a - Pain                  Necr           60%        1d7       3%          1

Your spell library contained the following spells:

 Spells                   Type           Power      Damage    Failure   Level
 Animate Skeleton         Necr           30%        N/A       3%          1
 Vampiric Draining        Necr           15%        2d7       10%         3
 Animate Dead             Necr           7%         N/A       32%         4
 Agony                    Necr           15%        N/A       67%         5


Dungeon Overview and Level Annotations

Branches:
Dungeon (1/15)

Altars:


Message History

The jackal barks! x2; The hobgoblin shouts!
The jackal writhes in agony.
The ball python hisses angrily.
The jackal barks! x2
The jackal barely resists.
The jackal misses you. The jackal bites you. The jackal misses you.
The jackal barely misses you.
You are too depleted to draw on your mana recklessly!
Unknown command.
Found a scroll labelled CUQOSO TOGUR.
The jackal misses you. The jackal bites you. The jackal bites you.
The jackal closely misses you. The jackal barely misses you. x2
The jackal misses you.
You see here a scroll labelled CUQOSO TOGUR.
b - a scroll labelled CUQOSO TOGUR The jackal bites you.
As you read the scroll labelled CUQOSO TOGUR, it crumbles to dust.
It is a scroll of identify.
You don't have any unidentified items.
The jackal closely misses you. The jackal misses you.
The jackal bites you but does no damage.
The jackal bites you.
A bat comes into view.
The jackal misses you.
You enter the shallow water.
Moving in this stuff is going to be slow.
The bat hits you but does no damage. The bat hits you but does no damage.
The bat closely misses you.
There is a staircase leading out of the dungeon here.
Are you sure you want to leave the Dungeon?
This will make you lose the game!
Alright, then stay!
Are you sure you want to leave the Dungeon?
This will make you lose the game! The bat barely misses you.
The jackal bites you.
* * * LOW HITPOINT WARNING * * *
The bat hits you.
* * * LOW HITPOINT WARNING * * *
The jackal barely misses you. The jackal misses you.
You have escaped!

...## ##...##
##.....##
##.......##
##.........##
##...........##
#.....≈≈≈.....#
#....≈...≈....#
#....≈.@b≈....#
#....≈.hh≈....#
#....g≈h≈.....#
##.....S.....##
#### ##...h.....##
..# ##.......## .
#.# ##..h..##
..##.#### ##...##
.>......########.##


You could see 5 jackals, a hobgoblin, a bat and a ball python.

Vanquished Creatures
  A ball python (D:1)
1 creature vanquished.

Notes
Turn   | Place    | Note
-------+----------+-------------------------------------------
     0 | D:1      | ytrimaz the Demonspawn Necromancer began the quest for the
                  | Orb.
     0 | D:1      | Reached XP level 1. HP: 13/13 MP: 3/3
    38 | D:$      | Got out of the dungeon alive.

Illustrated notes

Levels and vault maps discovered:
D:1:      enne_arrival_octagon_isle, layout_basic, minmay_hexomino_c4

Action                   || total
-------------------------++-------
 Cast: Pain              ||     3
  Use: Scroll            ||     3
Armor: Robe              ||     3
Dodge: Dodged            ||    15

Table legend: (Time is in decaauts)
 A = Elapsed time spent in this place.
 B = Non-inter-level travel time spent in this place.
 C = Inter-level travel time spent in this place.
 D = Time resting spent in this place.
 E = Time spent auto-exploring this place.
 F = Levels seen in this place.
 G = Mean time per level.
                   A        B        C        D        E       F      G
               +--------+--------+--------+--------+--------+-----+--------+
         Total |     38 |     38 |      0 |      0 |      5 |   1 |   38.0 |
       Dungeon |     38 |     38 |      0 |      0 |      5 |   1 |   38.0 |
               +--------+--------+--------+--------+--------+-----+--------+

Top non-repeatable levels by time:
     D:1: 38 daAuts
